Map: Daybreak LE (Void)

Players

Dayvie - Winner!

  • Race: Terran Terran
  • League: Grandmaster
  • Spawn Location: 7:00

Graphix

  • Race: Zerg Zerg
  • League: Grandmaster
  • Spawn Location: 1:00

VOD

Have the link to the VOD?

Description

Time

  • Played on: Dec. 29, 2016, 2:36 a.m.
  • Length: 22:26
Show
View Real Time Build Order
Export as new Build Order

Dayvie Terran - Winner!

Build Orders: Reaper Expand, Bio Mine 

Get SALT Encoding   

  12  0:00  SCV  
  13  0:13  SCV  
  14  0:17  Supply Depot  
  14  0:25  SCV  
  15  0:35  Refinery  
  15  0:39  SCV  
  15  0:42  Barracks  
  16  0:49  Refinery  
  16  0:52  SCV  
  17  1:04  SCV  
  18  1:16  SCV  
  19  1:29  Orbital Command  
  19  1:31  Reaper  
  20  1:43  Command Center  
  20  1:53  Supply Depot  
  20  1:55  SCV  
  21  2:05  Barracks Reactor  
  21  2:07  SCV  
  22  2:13  Barracks  
  22  2:19  SCV  
  22  2:22  Refinery  
  23  2:28  Factory  
  23  2:31  SCV  
  24  2:41  Marine x2  
  24  2:43  SCV  
  27  2:55  Orbital Command, SCV  
  28  2:59  Marine x2  
  28  3:01  Barracks Tech Lab  
  30  3:07  SCV  
  31  3:17  Marine x2  
  34  3:20  SCV  
  34  3:22  SCV  
  34  3:24  Marine  
  34  3:25  Stimpack  
  36  3:29  Starport  
  36  3:32  Factory Reactor  
  35  3:35  SCV x2  
  35  3:37  Marine x2  
  39  3:42  Supply Depot  
  39  3:47  Marine, SCV x2  
  42  3:53  Supply Depot  
  42  3:59  SCV x2  
  44  4:04  Marine x2  
  44  4:05  Marine  
  44  4:06  Engineering Bay  
  47  4:12  SCV x2  
  47  4:16  Medivac x2  
  53  4:21  Supply Depot  
  53  4:23  Marine  
  53  4:24  Marine x2  
  55  4:27  SCV  
  55  4:28  SCV  
  58  4:33  Engineering Bay  
  58  4:36  Terran Infantry Weapons Level 1  
  58  4:40  SCV x2  
  58  4:41  Supply Depot  
  60  4:50  Marine x3  
  63  4:53  SCV x2  
  65  5:00  Command Center  
  65  5:02  Terran Infantry Armor Level 1  
  65  5:08  Marine  
  65  5:09  Marine  
  65  5:12  Refinery x2  
  65  5:14  Marine  
  67  5:16  SCV x2  
  67  5:18  Supply Depot  
  70  5:23  Medivac  
  70  5:26  Marine x2  
  74  5:31  Marine, Medivac  
  74  5:34  SCV  
  78  5:40  Supply Depot x2, SCV  
  79  5:44  Marine x2  
  79  5:49  Marine  
  70  6:02  Marine x2  
  72  6:06  Barracks  
  72  6:07  Marine  
  73  6:11  Factory Reactor  
  73  6:12  Barracks  
  73  6:14  Barracks  
  73  6:17  Orbital Command  
  73  6:18  Armory  
  73  6:21  Marine x2  
  73  6:25  Marine  
  76  6:32  SCV  
  77  6:39  Marine x2, Medivac  
  81  6:40  Medivac  
  81  6:43  Marine  
  84  6:47  Widow Mine x2  
  84  6:51  SCV  
  84  6:52  SCV  
  90  6:57  Marine x2  
  90  7:01  Marine  
  93  7:02  Marine x3  
  96  7:15  Marine x2  
  95  7:16  Terran Infantry Weapons Level 2  
  95  7:18  Marine  
  95  7:20  Marine x3  
  99  7:23  SCV x2  
  99  7:24  Terran Infantry Armor Level 2  
  99  7:26  Widow Mine x2  
  99  7:27  Orbital Command  
  105  7:31  Bunker  
  105  7:32  Marine  
  105  7:33  Marine  
  107  7:39  Combat Shields  
  107  7:40  Barracks Reactor x2  
  107  7:44  Barracks Reactor  
  107  7:46  Marine  
  107  7:50  Marine x2  
  110  8:10  Marine x2  
  110  8:11  Marine, Widow Mine x2  
  117  8:14  Liberator  
  117  8:15  Liberator  
  115  8:38  Marine  
  115  8:39  Marine x4  
  117  8:42  Supply Depot  
  117  8:45  Supply Depot  
  117  8:46  Marine x2, Widow Mine x2, SCV x2  
  125  8:49  Marine  
  125  8:50  Marine  
  114  8:56  Marine x2  
  114  8:57  Liberator, Marine x2  
  114  9:00  Marine  
  118  9:04  Marine x2  
  118  9:06  SCV x2  
  118  9:07  Factory  
  118  9:08  Barracks  
  122  9:10  Barracks, Refinery x2  
  122  9:15  Terran Vehicle And Ship Armor Level 1, Medivac  
  127  9:26  Marine  
  127  9:27  Marine x4, Marauder  
  134  9:32  Widow Mine  
  134  9:33  Widow Mine  
  134  9:35  SCV x2  
  134  9:36  Marine  
  141  9:54  Marine  
  141  9:55  Marine  
  141  10:00  Marine  
  141  10:03  Marine  
  141  10:09  Marauder  
  141  10:10  Marine  
  133  10:17  Marine x3  
  133  10:18  Marine x2  
  133  10:19  Marine, Widow Mine x2  
  133  10:21  Marine  
  140  10:28  Marine  
  140  10:32  Factory Tech Lab, Barracks Reactor x2, SCV  
  140  10:34  Factory  
  140  10:35  Marine  
  141  10:37  Marine x4  
  141  10:38  Marine, Marauder  
  141  10:39  Marine  
  122  10:44  Liberator x2  
  122  10:46  Marine  
  123  10:53  Marine  
  123  10:55  Marine  
  118  10:58  Marine x5  
  118  10:59  Marauder  
  118  11:00  Widow Mine x2  
  132  11:04  Marine  
  132  11:10  Marine  
  134  11:13  Marine  
  134  11:16  Marine x2, Command Center  
  137  11:21  Marauder  
  137  11:22  Marine x2  
  107  11:42  Marauder  
  107  11:51  Marine  
  107  11:52  Marine x11  
  107  11:53  Widow Mine x2  
  107  11:54  Thor  
  123  11:56  Widow Mine  
  123  11:57  Drilling Claws  
  131  12:03  Missile Turret, Marauder  
  131  12:04  Terran Infantry Weapons Level 3  
  131  12:05  Terran Infantry Armor Level 3  
  131  12:08  Terran Vehicle And Ship Armor Level 2  
  133  12:09  Marine  
  132  12:25  Marine x5, Marauder  
  132  12:27  Medivac x2  
  132  12:28  Widow Mine  
  132  12:29  Widow Mine x2  
  147  12:34  Unknown x3  
  149  12:47  Marine x2  
  149  12:48  Refinery  
  151  12:51  Refinery  
  151  12:54  Missile Turret  
  151  12:56  Sensor Tower  
  151  12:57  Missile Turret  
  151  12:58  Planetary Fortress  
  150  13:07  Marine  
  150  13:08  Marine x6  
  156  13:17  Factory Tech Lab  
  156  13:44  Marine  
  156  13:45  Marine x3  
  156  13:46  Marine  
  156  13:59  Marine x2  
  156  14:12  Marine  
  156  14:14  Marine x3  
  156  14:15  Marine x2  
  156  14:17  Marine  
  156  14:19  Marine  
  155  14:32  Thor, Marauder  
  155  14:37  Marine x5  
  155  14:38  Marine x6  
  130  14:47  Thor  
  130  14:51  Factory, Building Armor  
  130  14:52  Factory, Terran Vehicle And Ship Armor Level 3  
  136  14:53  Marauder  
  136  14:54  Marine  
  136  14:55  Marine x6  
  136  14:56  SCV  
  146  15:01  Supply Depot  
  146  15:02  Supply Depot  
  146  15:04  Supply Depot x2  
  145  15:07  Supply Depot  
  141  15:14  Thor, Missile Turret  
  147  15:28  Marine x2, Barracks Tech Lab  
  147  15:29  Widow Mine, Marine x5, Command Center, Marauder  
  147  15:30  Marine  
  147  15:35  Concussive Shells  
  159  15:36  Widow Mine x2  
  163  15:57  Thor  
  163  15:58  Thor, Unknown  
  163  15:59  Unknown x4  
  175  16:05  Widow Mine  
  175  16:09  Marine x3  
  180  16:14  Sensor Tower  
  180  16:17  Marine x3  
  183  16:21  Marine x2, Marauder  
  183  16:22  Widow Mine, Marauder  
  183  16:24  Unknown  
  191  16:31  Starport  
  191  16:32  Starport  
  191  16:33  Widow Mine, Starport  
  193  16:40  Thor  
  196  16:49  Orbital Command  
  196  16:50  Widow Mine  
  188  16:57  Marine  
  176  17:02  Widow Mine  
  176  17:04  Marine x2  
  176  17:06  Widow Mine  
  149  17:13  Medivac x3  
  137  17:19  Widow Mine  
  101  17:23  Widow Mine  
  101  17:24  Marine x6  
  101  17:25  Marine x3  
  94  17:30  Widow Mine  
  94  17:32  Orbital Command  
  94  17:35  Widow Mine  
  91  17:47  Widow Mine  
  72  17:51  Marine, Widow Mine  
  72  17:52  Marine x10  
  83  18:23  Marine x4  
  87  18:30  Marine x2  
  87  18:40  Marine x6  
  87  18:41  Marine x4  
  90  18:57  Unknown x3  
  90  18:59  Unknown x3  
  90  19:05  Marine  
  90  19:06  Marine x4  
  95  19:15  Marine x6  
  101  19:36  Marine x3  
  52  19:53  Orbital Command  
  39  20:38  Widow Mine x3  
  39  20:40  Widow Mine  
  47  20:44  Unknown x4  
  47  20:51  Marine x3  
  48  21:15  Marine x2  
  48  21:17  Marine x2  
  41  21:34  SCV  
  41  21:35  SCV x2  
  44  21:40  Marine x5  
  44  21:41  Marine x6  
  44  21:47  SCV  
  56  21:51  Marine  
  57  21:58  Marine x2  
  57  22:00  Marine  
  57  22:01  Marine  
  61  22:05  Marine x3  
Show
View Real Time Build Order
Export as new Build Order

Graphix Zerg 

Build Orders: Hatch First 

Get SALT Encoding   

  12  0:01  Drone  
  13  0:12  Overlord  
  13  0:17  Drone  
  14  0:31  Drone x2  
  14  0:35  Drone  
  17  0:53  Hatchery  
  17  0:56  Drone  
  17  0:59  Drone  
  18  1:06  Extractor  
  17  1:17  Spawning Pool  
  16  1:20  Drone  
  16  1:22  Drone  
  18  1:28  Drone  
  19  1:38  Overlord  
  19  1:49  Drone  
  20  2:05  Zergling x4, Queen  
  20  2:06  Queen  
  26  2:10  Metabolic Boost  
  26  2:18  Drone x2  
  26  2:22  Drone  
  29  2:30  Drone  
  30  2:39  Drone x2  
  30  2:41  Queen  
  34  2:48  Overlord  
  34  2:52  Overlord  
  34  2:53  Drone  
  34  2:58  Pneumatized Carapace  
  35  3:00  Drone  
  36  3:07  Drone  
  36  3:12  Drone  
  38  3:14  Drone x4  
  38  3:15  Drone  
  43  3:28  Drone x3  
  46  3:38  Hatchery  
  45  3:47  Zergling x6  
  48  3:49  Drone  
  48  3:51  Queen  
  51  3:56  Evolution Chamber, Queen  
  52  4:03  Evolution Chamber  
  52  4:09  Overlord x4  
  51  4:12  Drone  
  52  4:27  Zerg Ground Armor Level 1  
  52  4:28  Zerg Melee Weapons Level 1  
  52  4:29  Drone x2  
  52  4:30  Drone x3  
  57  4:31  Zergling x4  
  57  4:32  Zergling x2  
  57  4:35  Zergling x2  
  61  4:42  Zergling x2  
  62  4:45  Zergling x2  
  62  4:47  Queen  
  62  4:48  Queen  
  62  4:51  Spore Crawler  
  66  4:54  Zergling x4  
  66  4:56  Queen  
  70  5:02  Baneling Nest  
  70  5:03  Zergling x4  
  71  5:12  Zergling x10  
  71  5:13  Zergling x4  
  78  5:22  Drone x3  
  78  5:23  Overlord  
  81  5:31  Drone x4  
  81  5:32  Drone  
  85  5:36  Overlord  
  85  5:40  Lair  
  85  5:43  Extractor x2  
  78  5:58  Overlord x3  
  78  6:03  Zergling x4  
  78  6:04  Zergling x6  
  83  6:06  Hatchery  
  83  6:09  Baneling x3  
  83  6:10  Baneling x4  
  82  6:13  Overlord x2  
  82  6:15  Drone x4  
  86  6:20  Zergling x4  
  87  6:43  Centrifical Hooks  
  87  6:44  Drone x2  
  87  6:45  Drone x5  
  94  6:51  Zergling x8  
  94  6:52  Zergling x6  
  97  7:25  Drone x4  
  97  7:26  Drone x5  
  97  7:27  Extractor, Hatchery, Zerg Melee Weapons Level 2  
  97  7:29  Spire  
  103  7:30  Extractor  
  103  7:33  Extractor  
  101  7:38  Overlord x4  
  99  7:45  Overseer x2  
  99  7:46  Zergling x2  
  99  7:47  Zergling x2  
  99  7:50  Baneling x3  
  101  8:04  Spore Crawler  
  100  8:06  Spine Crawler  
  100  8:08  Spore Crawler  
  100  8:10  Zergling x2  
  100  8:11  Zergling x38  
  118  8:13  Zerg Ground Armor Level 2  
  118  8:14  Drone x2  
  120  8:24  Baneling  
  120  8:25  Baneling x3, Queen  
  102  8:38  Drone x3  
  102  8:39  Drone x5  
  101  8:44  Drone x2  
  101  8:50  Zerg Flyer Weapons Level 1  
  96  8:58  Drone x9  
  96  8:59  Drone x3  
  108  9:06  Zergling x6  
  108  9:07  Zergling x4  
  112  9:26  Baneling x2  
  112  9:27  Baneling x5  
  112  9:28  Baneling  
  109  9:34  Spine Crawler  
  109  9:35  Zergling x4  
  109  9:36  Zergling x28, Spore Crawler  
  109  9:37  Zergling x2  
  124  9:39  Overseer  
  122  10:02  Mutalisk x11  
  137  10:20  Baneling x7  
  131  10:23  Zergling x12  
  105  10:43  Zergling x2  
  105  10:44  Zergling x28  
  105  10:45  Baneling  
  105  10:46  Baneling  
  117  10:58  Zergling x20  
  121  11:04  Baneling x3  
  121  11:11  Overlord x3  
  119  11:12  Overlord  
  119  11:16  Hatchery  
  119  11:18  Baneling x5  
  117  11:21  Baneling  
  113  11:29  Zergling x20  
  112  11:33  Baneling x2  
  102  11:42  Zergling x14  
  102  11:43  Queen x2  
  112  11:48  Baneling x3  
  112  11:50  Zergling x2  
  112  11:53  Zerg Flyer Weapons Level 2  
  113  11:56  Mutalisk x2  
  113  11:57  Mutalisk  
  119  12:01  Zergling x4  
  119  12:07  Overseer  
  121  12:14  Mutalisk x4  
  127  12:19  Zergling x8  
  127  12:20  Zergling x2  
  131  12:30  Zergling x10  
  131  12:31  Zergling x4  
  138  12:38  Drone x4  
  138  12:39  Drone  
  143  12:55  Mutalisk x4  
  151  13:05  Mutalisk x3  
  155  13:07  Drone  
  156  13:23  Overseer  
  156  13:24  Overseer  
  156  13:25  Overlord x2  
  156  13:34  Hatchery  
  155  13:35  Baneling x6  
  153  13:52  Zergling x26  
  154  14:18  Baneling x3  
  154  14:20  Zergling x24  
  135  14:44  Zergling x14  
  135  14:45  Zergling x8  
  142  14:48  Baneling x6  
  142  14:50  Infestation Pit  
  141  14:53  Mutalisk x4  
  149  15:01  Baneling x8  
  149  15:02  Drone x3  
  149  15:03  Spine Crawler  
  141  15:14  Mutalisk x4  
  141  15:17  Drone  
  150  15:22  Zerg Flyer Armor Level 1  
  150  15:31  Hive  
  150  15:38  Zergling x4  
  150  15:39  Zergling x26  
  163  16:12  Overlord x3  
  163  16:15  Zergling x18  
  172  16:22  Baneling x17  
  172  16:23  Baneling x2  
  172  16:41  Baneling x6  
  159  16:59  Zergling x6  
  159  17:00  Zergling x40  
  127  17:26  Zergling x30  
  127  17:27  Zerg Melee Weapons Level 3  
  124  17:34  Zergling x2  
  124  17:35  Zergling x4  
  119  17:43  Hatchery  
  111  17:56  Adrenal Glands  
  109  17:59  Pathogen Glands  
  109  18:03  Zergling x26  
  109  18:04  Zergling x2  
  121  18:22  Baneling x4  
  121  18:23  Baneling x3  
  113  18:30  Baneling  
  98  18:48  Baneling x10  
  98  18:49  Zergling x4  
  99  19:01  Zergling x10  
  103  19:17  Zergling x10  
  103  19:21  Baneling  
  103  19:22  Baneling  
  108  19:25  Zergling x4  
  108  19:38  Zergling x10  
  83  19:50  Infestor  
  63  20:25  Baneling x4  
  56  21:13  Infestor x2  
  49  22:00  Hatchery  
Tags
 
Add a new tag
Caveats
  • Supply blocks, unpowered buildings, or Contaminate may cause inaccurate times.
  • Supply counts are checked every 10 seconds.